 Dungeon Crawl Stone Soup version 0.31-a0-1-g4198be8af4 (webtiles) character file.

Game seed: 3109562931067388459

16874 ytrimaz the Thaumaturge (level 12, -7/83 HPs)
             Began as a Djinni Conjurer on May 2, 2023.
             Was a Priest of Ashenzari.
             Mangled by a minotaur
             ... wielding a +1 broad axe of electrocution
              (15 damage)
             ... in a Gauntlet.
             The game lasted 00:25:48 (10314 turns).

ytrimaz the Thaumaturge (Djinni Conjurer)          Turns: 10314, Time: 00:25:49

Health: -7/83      AC:  9    Str:  6    XL:     12   Next: 75%
Gold:   731        EV: 17    Int: 25    God:    Ashenzari [***...] SH:  0 Dex: 15

rFire   + + .        J - +8 long sword of the Volcano {freeze, rF- rC++ Will+ Dex+3}
rCold   + + .        (no shield)
rNeg    . . .        B - +0 acid dragon scales
rPois   ∞            (no helmet)
rElec   .            I - scarf of the Enigmatic Sphere {repulsion, Self, Cun} (curse)
rCorr   +            c - +2 pair of gloves of Ashenzari's Visionary {Fort, Melee} (curse)
SInv    +            (boots unavailable)
Will    +++..        g - amulet of Apeoromancy {Regen+, Cun, Evo} (curse)
Stlth   ++           s - ring of the Wild Blue Yonder {rPois rF++ Will+, Melee, Cun} (curse)
HPRegen 1.13/turn    o - ring of the Unveiling Stars {Ice, Range, Self} (curse)
MPRegen 0.00/turn

%: no teleportation, repel missiles, clarity, infuse magic (-8 HP)
@: flying
A: sickness immunity, fire resistance 2, cold vulnerability 1, float, innate
caster, HP casting, extra vitality 1
a: Renounce Religion, Shatter the Chains


You were in a Gauntlet.
You worshipped Ashenzari.
Ashenzari was most pleased with you.
You visited 2 branches of the dungeon, and saw 12 of its levels.
You also visited: Sewer, Bailey and Gauntlet.

You collected 731 gold pieces.


Innate Abilities, Weirdness & Mutations

You are immune to sickness and miasma.
You are immune to poison.
Your flesh is very heat resistant. (rF++)
You are vulnerable to cold. (rC-)
You float through the air rather than walking.
You learn spells naturally, not from books.
Your magical power is your life essence.
You have superior vitality. (+4 MHP)


   Skills:
 + Level 3.9(6.0) Fighting
 + Level 12.5(15.4) Dodging
 - Level 1.5(3.5) Stealth
 * Level 12.8(15.0) Spellcasting


You knew the following spells:

 Your Spells              Type           Power      Damage    Failure   Level
a - Magic Dart            Conj           100%       1d8       0%          1
b - Searing Ray           Conj           100%       2d8       1%          2
c - Hailstorm             Conj/Ice       96%        3d19      1%          3
d - Tukima's Dance        Hex            76%        N/A       1%          3
e - Iskenderun's Mystic   Conj/Tloc      76%        2d15      1%          4
f - Fulminant Prism       Conj/Hex       38%        3d17      1%          4
g - Blink                 Tloc           100%       N/A       1%          2
h - Kiss of Death         Conj/Necr      100%       2d13      0%          1
i - Dazzling Flash        Conj/Hex       100%       N/A       1%          3
j - Summon Lightning Spi  Summ/Air       76%        N/A       1%          4
Your spell library was empty.

Inventory:

Hand Weapons
 J - the +8 long sword of the Volcano (weapon) {freeze, rF- rC++ Will+ Dex+3}
   (You found it in a Gauntlet)

   Dex:       It affects your dexterity (+3).
   rF:        It makes you vulnerable to fire.
   rC:        It greatly protects you from cold.
   Will:      It increases your willpower.
Missiles
 u - 2 throwing nets
Armour
 c - the cursed +2 pair of gloves of Ashenzari's Visionary (worn) {Fort, Melee}
   (You found it on level 1 of the Dungeon)

   It has a curse which improves the following skills: Fortitude: Armour and
   Shields.
   Melee Combat: Short Blades, Long Blades, Axes, Maces & Flails, Polearms,
   Staves and Unarmed Combat.
 w - a +3 ring mail
   (You took it off a human in a bailey)
 B - +0 acid dragon scales (worn)
   (You found it on level 9 of the Dungeon)
 I - the cursed scarf of the Enigmatic Sphere (worn) {repulsion, Self, Cun}
   (You found it on level 10 of the Dungeon)

   It has a curse which improves the following skills: Introspection: Fighting
   and Spellcasting.
   Cunning:   Dodging and Stealth.
Magical Staves
 C - the staff of fire "Mexte" {rF+ Str-4 Dex+4 Stlth+}
   (You found it in a Gauntlet)

   [staff of fire]

   Your inability to study Fire Magic prevents you from drawing on the full
   power of this staff in melee.
   Base accuracy: +5 Base damage: 5 Base attack delay: 1.2 This weapon's minimum
   attack delay (0.6) is reached at skill level 12.
   Str:       It affects your strength (-4).
   Dex:       It affects your dexterity (+4).
   rF:        It protects you from fire.
   Stlth:     It makes you more stealthy.
   It falls into the 'Staves' category.
   It is a one-handed weapon.
Jewellery
 g - the cursed amulet of Apeoromancy (around neck) {Regen+, Cun, Evo}
   (You found it on level 2 of the Dungeon)

   [amulet of regeneration]

   Regen:     It increases your rate of health regeneration.
   It has a curse which improves the following skills: Cunning: Dodging and
   Stealth.
   Evocations: Evocations.
 i - a ring of protection from cold
   (You found it in a Gauntlet)
 o - the cursed ring of the Unveiling Stars (right hand) {Ice, Range, Self}
   (You found it on level 4 of the Dungeon)

   [ring of ice]

   It enhances your ice magic.
   rF:        It makes you vulnerable to fire.
   rC:        It protects you from cold.
   It has a curse which improves the following skills: Ranged Combat: Ranged
   Weapons and Throwing.
   Introspection: Fighting and Spellcasting.
 s - the cursed ring of the Wild Blue Yonder (left hand) {rPois rF++ Will+, Melee, Cun}
   (You found it on level 4 of the Dungeon)

   [ring of willpower]

   rF:        It greatly protects you from fire.
   rPois:     It protects you from poison.
   Will:      It increases your willpower.
   It has a curse which improves the following skills: Melee Combat: Short
   Blades, Long Blades, Axes, Maces & Flails, Polearms, Staves and Unarmed
   Combat.
   Cunning:   Dodging and Stealth.
Wands
 a - a wand of roots (28)
   (You took it off Maggie on level 7 of the Dungeon)
 m - a wand of flame (41)
   (You found it on level 5 of the Dungeon)
 r - a wand of paralysis (5)
   (You took it off Ijyb on level 4 of the Dungeon)
 v - a wand of mindburst (12)
   (You took it off an orc wizard on level 6 of the Dungeon)
 z - a wand of quicksilver (4)
   (You found it on level 9 of the Dungeon)
Scrolls
 b - 4 scrolls of noise
 j - 5 scrolls of teleportation
 k - a scroll of blinking
 t - 4 scrolls of fog
 y - 4 scrolls of magic mapping
 A - 2 scrolls of fear
 E - a scroll of poison
 F - a scroll of enchant weapon
 G - a scroll of silence
 H - a scroll of brand weapon
Potions
 d - 2 potions of cancellation
 e - 5 potions of lignification
 f - 3 potions of brilliance
 h - 8 potions of flight
 l - 2 potions of attraction
 n - 2 potions of haste
 p - 3 potions of might
 q - 2 potions of curing
 x - 2 potions of ambrosia
 D - a potion of mutation

Dungeon Overview and Level Annotations

Branches:
Dungeon (11/15) Zot: 26935  Temple (1/1) D:4 Zot: 5862    Lair (0/5) D:9
  Sewer (visited)          Bailey (visited)         Gauntlet (1/1) Zot: 5503
    Orc: D:9-12

Altars:
Ashenzari
Cheibriados
Dithmenos
Elyvilon
Fedhas
Gozag
Hepliaklqana
Makhleb
Nemelex Xobeh
Okawaru
Qazlal
Ru
Trog
Uskayaw
Wu Jian
Xom
Yredelemnul
Zin
The Shining One

Shops:
D:2 :

Annotations:
D:4 1 runed translucent door, superbruh's ghost, amateur DsMo Gauntlet 8 transporters

#/.|# #8.8# ##*#:.)####
###8.#8.8#.8### #....#...#....#
#.#..#8.8#..#.# #.#..##'##..#.#
#.........H.8.# #.#.##.#.##@#.#
#.#....#....# # ###.#.#######.#.
* #............... ,
#.♣.♣.©.©.©.©.♣.♣ *
#.................* #
################# ### ### ### #
###≈###...........###≈###≈###≈###
≈#≈≈≈#..♣P.....P♣..#≈≈≈#≈≈≈#≈≈≈#≈


You could see a minotaur (blind, ally target) and a friendly lightning spire
(summoned).


Message History

C - the staff of fire "Mexte" {rF+ Str-4 Dex+4 Stlth+} 😕 HP[+1] 😕 HP[+2]
You regained 2 hp, and now have 81/83 hp.
There is a transporter here. 😕 HP[+1]
You enter the transporter and appear at another place. 😎 HP[+1]
Your hp is fully restored (83).
You reach down and open the door.
A minotaur comes into view.
It is wielding a +1 broad axe of electrocution.
Casting: Searing Ray (safe; 1% risk of failure)
Confirm with . or Enter, or press ? or * to list all spells.
An electric hum fills the air.
The minotaur bellows! 😕 HP[-3]
You take 3 damage, and now have 80/83 hp. 😕 HP[+1]
Your lightning spire shoots out a bolt of lightning at the minotaur!
The bolt of electricity hits the minotaur.
The bolt of electricity hits the minotaur!! 😕 HP[+1]
The minotaur throws a javelin.
The javelin misses you.
Your lightning spire shoots out a bolt of lightning at the minotaur!
The bolt of electricity hits the minotaur but does no damage.
The bolt of electricity hits the minotaur. 😎 HP[+1]
Your hp is fully restored (83).
Casting: Summon Lightning Spire (safe; 1% risk of failure)
Confirm with . or Enter, or press ? or * to list all spells.
Aiming: Searing Ray (safe; 1% risk of failure)
Press: ? - help, Shift-Dir - straight line, f - minotaur
Aim: a minotaur, wielding a +1 broad axe of electrocution, wearing a +0 plate armour and quivering javelins (heavily wounded, ally target, 92% to hit)
The searing ray misses the minotaur. (Press . to maintain the ray.) 😕 HP[-1]
You take 1 damage, and now have 82/83 hp.
The searing ray hits the minotaur.
The searing ray hits the minotaur but does no damage.
The minotaur barely misses you. The minotaur misses you. 😎 HP[+1]
Your hp is fully restored (83).
Casting: Searing Ray (safe; 1% risk of failure)
Confirm with . or Enter, or press ? or * to list all spells.
You don't know that spell.
Unknown command.
Unknown command.
Casting: Searing Ray (safe; 1% risk of failure)
Confirm with . or Enter, or press ? or * to list all spells.
An electric hum fills the air.
Your lightning spire disappears in a puff of smoke!
The minotaur hits you with a +1 broad axe of electrocution!!
The minotaur gores you but does no damage. 😮 HP[-29]
You take 29 damage, and now have 54/83 hp.
MASSIVE DAMAGE!! (PAUSE) 😮 HP[+1] Unknown command.
The minotaur closely misses you. The minotaur gores you! 😮 HP[-8]
You take 8 damage, and now have 47/83 hp.
Unknown command.
Casting: Summon Lightning Spire (safe; 1% risk of failure)
Confirm with . or Enter, or press ? or * to list all spells.
Okay, then.
Unknown command.
Casting: Summon Lightning Spire (safe; 1% risk of failure)
Confirm with . or Enter, or press ? or * to list all spells.
Casting: Dazzling Flash (safe; 1% risk of failure)
Press: ? - help, Dir - look around, f - activate The minotaur is dazzled.
The minotaur hits you with a +1 broad axe of electrocution!
* * * LOW HITPOINT WARNING * * *
The minotaur misses you. 😨 HP[-15]
You take 15 damage, and now have 32/83 hp.
Unknown command.
Casting: Dazzling Flash (safe; 1% risk of failure)
Confirm with . or Enter, or press ? or * to list all spells.
You don't know that spell.
Casting: Dazzling Flash (safe; 1% risk of failure)
Confirm with . or Enter, or press ? or * to list all spells.
Aiming: Searing Ray (safe; 1% risk of failure)
Press: ? - help, Shift-Dir - straight line, f - minotaur
Aim: a minotaur, wielding a +1 broad axe of electrocution, wearing a +0 plate armour and quivering javelins (heavily wounded, blind, ally target, 92% to hit)
The searing ray hits the minotaur! (Press . to maintain the ray.)
* * * LOW HITPOINT WARNING * * *
The minotaur hits you with a +1 broad axe of electrocution!!
* * * LOW HITPOINT WARNING * * *
The minotaur closely misses you.
Your lightning spire shoots out a bolt of lightning at the minotaur!
The bolt of electricity hits the minotaur!! 😱 HP[-24]
You take 24 damage, and now have 8/83 hp.
MASSIVE DAMAGE!! (PAUSE)
The searing ray misses the minotaur.
* * * LOW HITPOINT WARNING * * *
The minotaur closely misses you. The minotaur gores you!
You die...

Skill      XL: |  1  2  3  4  5  6  7  8  9 10 11 12 |
---------------+-------------------------------------+-----
Dodging        | 3 4 5 7 8 10 11 12 | 12.5
Spellcasting   | 4 5 6 7 8 10 12 | 12.8
Fighting       | 3 |  3.9
Stealth        | |  1.5

Action                     |  1- 3 |  4- 6 |  7- 9 | 10-12 || total
---------------------------+-------+-------+-------+-------++-------
  Melee: Unarmed           |     2 |       |     7 |    12 ||    21
         Long sword        |       |       |       |    12 ||    12
   Cast: Magic Dart        |    77 |   120 |    87 |    53 ||   337
         Searing Ray       |       |    14 |    31 |   117 ||   162
         Blink             |       |     1 |     1 |     1 ||     3
         Tukima's Dance    |       |       |    13 |    27 ||    40
         Fulminant Prism   |       |       |     4 |     7 ||    11
         Hailstorm         |       |       |    11 |    27 ||    38
         Dazzling Flash    |       |       |       |    13 ||    13
         Summon Lightning  |       |       |       |    44 ||    44
         Iskenderun's Myst |       |       |       |     1 ||     1
 Invoke: Curse Item        |       |       |     3 |     3 ||     6
         Shatter the Chain |       |       |       |     1 ||     1
  Evoke: Wand              |       |       |    11 |       ||    11
    Use: Scroll            |     2 |     4 |     2 |       ||     8
         Potion            |       |       |       |     5 ||     5
 Armour: Robe              |    13 |    16 |    11 |     4 ||    44
         Ring mail         |       |       |       |    46 ||    46
         Acid dragon scale |       |       |       |    28 ||    28
         Skin              |       |       |       |    27 ||    27
  Dodge: Dodged            |    21 |    56 |    61 |   217 ||   355

Levels and vault maps discovered:
D:1:      saegor_arrival_miasma, layout_rooms,
          hellmonk_ecumenical_altar_watching_god, chequers_jeans
D:2:      layout_basic, nicolae_shop_vocational
D:3:      layout_loops_ring, lemuel_crystal_altar, portal_sewer_entry_d,
          chequers_serial_rivers_marsh
D:4:      layout_layer_cave, minmay_temple_entry_butterflies,
          gammafunk_ghost_grave, uniq_ijyb
D:5:      layout_rooms
D:6:      minmay_flawed_box, layout_loops_ring, xom_redecorated,
          hellmonk_guarded_unrand_lears, uniq_eustachio
D:7:      nzn_winding_woodlands_medium [nzn_winding_woodlands_5x5_closed_star,
          nzn_winding_woodlands_5x15_jagged,
          nzn_winding_woodlands_5x5_checkerboard,
          nzn_winding_woodlands_5x5_three, nzn_winding_woodlands_center_garden,
          nzn_winding_woodlands_5x5_default,
          nzn_winding_woodlands_5x5_open_star,
          nzn_winding_woodlands_5x15_river_crossing,
          nzn_winding_woodlands_5x5_cross], layout_gridville,
          nicolae_ru_great_annihilating_truth, overflow_temple_1_default,
          enter_bailey_4, uniq_maggie
D:8:      layout_loops_ring, lemuel_tele_altar, nicolae_uskayaw_en_pointe,
          minmay_increasing_density
D:9:      layout_basic, mainiacjoe_overflow_chevrons, erik_lair_island,
          lightli_minifort
D:10:     layout_grid_maze, old_standard_altar, pdpol_wu_jian_five_deadly_venoms
D:11:     layout_long_grid, serial_shops, shop, gauntlet_entry_generic,
          serial_bayou_lagoon_b
Temple:   nicolae_temple_bog_church
Gauntlet: minmay_gauntlet_77_tree [minmay_gauntlet_arena_77_two_lines,
          minmay_gauntlet_arena_77_two_paths, minmay_gauntlet_arena_77_fan,
          minmay_gauntlet_arena_77_box, minmay_gauntlet_arena_77_hold_the_fort,
          minmay_gauntlet_arena_77_terracotta_army,
          minmay_gauntlet_arena_77_radiant_squares,
          nicolae_gauntlet_exit_dead_adventurers]

Notes
Turn   | Place    | Note
-------+----------+-------------------------------------------
     0 | D:1      | ytrimaz the Djinni Conjurer began the quest for the Orb.
     0 | D:1      | ytrimaz set off with the following spells memorised: Magic
                  | Dart, Searing Ray, Dazzling Flash, Fulminant Prism,
                  | Iskenderun's Mystic Blast.
     0 | D:1      | Reached XP level 1. HP: 15/15 MP: 0/0
     0 | D:1      | magus.rc [v1.9.6]
    46 | D:1      | Noticed a great orb of eyes
    55 | D:1      | Noticed an eye of devastation
    58 | D:1      | Found a faded altar of an unknown god.
    61 | D:1      | Noticed a golden eye
    63 | D:1      | Noticed a golden eye
    97 | D:1      | Reached XP level 2. HP: 20/21 MP: 0/0
   317 | D:1      | Reached XP level 3. HP: 21/25 MP: 0/0
   317 | D:1      | Learned a level 1 spell: Kiss of Death
   749 | D:2      | Reached skill level 3 in Dodging
   888 | D:2      | Reached skill level 4 in Spellcasting
   888 | D:2      | Reached XP level 4. HP: 29/31 MP: 0/0
  1034 | D:2      | Found Heesium's Vocational Training.
  1387 | D:3      | Reached XP level 5. HP: 22/35 MP: 0/0
  1387 | D:3      | Learned a level 2 spell: Blink
  1442 | D:3      | Found a glowing drain.
  1451 | Sewer    | Entered a sewer
  1667 | Sewer    | Reached XP level 6. HP: 32/40 MP: 0/0
  1719 | Sewer    | Reached skill level 4 in Dodging
  1822 | Sewer    | Reached skill level 5 in Spellcasting
  2236 | D:3      | Found a shadowy altar of Dithmenos.
  2638 | D:4      | Found a staircase to the Ecumenical Temple.
  2647 | D:4      | Found a runed translucent door.
  2648 | D:4      | Noticed superbruh's ghost (amateur DsMo)
  2651 | Temple   | Entered the Ecumenical Temple
  2776 | Temple   | Became a worshipper of Ashenzari the Shackled
  2838 | D:4      | Noticed a black bear
  2848 | D:4      | Killed a black bear
  2849 | D:4      | Reached XP level 7. HP: 40/45 MP: 0/0
  2849 | D:4      | Learned a level 3 spell: Tukima's Dance
  3011 | D:4      | Noticed Ijyb
  3012 | D:4      | Paralysed by Ijyb for 2 turns
  3021 | D:4      | Killed Ijyb
  3101 | D:4      | Identified the ring "Ziaruih" {rPois rF++ Will+}
  3146 | D:4      | Reached skill level 5 in Dodging
  3846 | D:5      | Entered Level 5 of the Dungeon
  3872 | D:5      | Identified the +0 scale mail of Marbles {rF+ rC+ Int-2
                  | Stlth+}
  3947 | D:5      | Reached skill level 6 in Spellcasting
  3996 | D:5      | Reached * piety under Ashenzari
  4075 | D:5      | Reached XP level 8. HP: 45/50 MP: 0/0
  4369 | D:6      | Noticed a yak
  4371 | D:6      | Noticed a yak
  4372 | D:6      | Noticed a yak
  4383 | D:6      | Noticed a yak
  4433 | D:6      | Reached skill level 6 in Dodging
  4534 | D:6      | Found a shimmering altar of Xom.
  4534 | D:6      | Found a shimmering altar of Xom.
  4535 | D:6      | Found a shimmering altar of Xom.
  4536 | D:6      | Found a shimmering altar of Xom.
  4559 | D:6      | Reached skill level 7 in Spellcasting
  4655 | D:6      | Noticed a yak
  4655 | D:6      | HP: 8/50 [yak (10)]
  4655 | D:6      | Killed a yak
  4736 | D:6      | Noticed a troll
  4741 | D:6      | Killed a troll
  4742 | D:6      | Reached skill level 7 in Dodging
  4742 | D:6      | Reached XP level 9. HP: 55/55 MP: 0/0
  4742 | D:6      | Learned a level 3 spell: Hailstorm
  4744 | D:6      | Found the +18 Lear's hauberk
  4865 | D:6      | Reached ** piety under Ashenzari
  4905 | D:6      | Reached skill level 8 in Spellcasting
  4921 | D:6      | Reached skill level 8 in Dodging
  5177 | D:6      | Noticed Eustachio
  5187 | D:6      | Killed Eustachio
  5492 | D:7      | Reached XP level 10. HP: 59/60 MP: 0/0
  5495 | D:7      | Reached skill level 9 in Spellcasting
  5509 | D:7      | Found a flagged portal.
  5518 | Bailey   | Entered a bailey
  5544 | Bailey   | Reached skill level 9 in Dodging
  5718 | Bailey   | Noticed a vault guard
  5751 | Bailey   | Killed a vault guard
  5752 | Bailey   | Reached skill level 10 in Spellcasting
  5830 | Bailey   | Noticed Prince Ribbit
  5830 | Bailey   | Noticed a vault guard
  5847 | Bailey   | HP: 8/60 [vault guard (12)]
  5859 | Bailey   | HP: 11/60 [Prince Ribbit (15)]
  5873 | Bailey   | Killed Prince Ribbit
  5883 | Bailey   | Killed a vault guard
  5884 | Bailey   | Reached skill level 10 in Dodging
  5884 | Bailey   | Reached XP level 11. HP: 28/65 MP: 0/0
  5884 | Bailey   | Learned a level 4 spell: Summon Lightning Spire
  6056 | D:7      | Noticed Maggie
  6064 | D:7      | Killed Maggie
  6423 | D:7      | Reached skill level 11 in Spellcasting
  6440 | D:7      | Found a snail-covered altar of Cheibriados.
  6443 | D:7      | Found the amulet of Elemental Vulnerability {rPois rF--
                  | rC-- AC+8}
  6589 | D:7      | Found a sacrificial altar of Ru.
  6795 | D:7      | Reached skill level 11 in Dodging
  7097 | D:7      | magus.rc [v1.9.6]
  7236 | D:8      | Noticed a two-headed ogre
  7243 | D:8      | Killed a two-headed ogre
  7473 | D:8      | Found a sparkling altar of Nemelex Xobeh.
  7500 | D:8      | Noticed a +0 short sword
  7500 | D:8      | Noticed a +0 falchion
  7501 | D:8      | Noticed a +0 dagger
  7506 | D:8      | Noticed a +0 spear
  7509 | D:8      | Noticed a +0 dagger
  7512 | D:8      | Noticed a +0 spear
  7513 | D:8      | Noticed a +0 falchion
  7519 | D:8      | Noticed a +0 short sword
  7546 | D:8      | Found a hide-covered altar of Uskayaw.
  7974 | D:9      | Noticed a cyclops
  7988 | D:9      | Killed a cyclops
  8131 | D:9      | Found a white marble altar of Elyvilon.
  8252 | D:9      | HP: 9/65 [electric eel/bolt of electricity (13)]
  8328 | D:9      | Found a staircase to the Lair.
  8591 | D:9      | Reached skill level 12 in Spellcasting
  8591 | D:9      | Reached XP level 12. HP: 69/70 MP: 0/0
  8652 | D:10     | Entered Level 10 of the Dungeon
  8706 | D:10     | Reached *** piety under Ashenzari
  8877 | D:10     | Reached skill level 1 in Fighting
  9039 | D:10     | Noticed a two-headed ogre
  9057 | D:10     | Killed a two-headed ogre
  9058 | D:10     | Reached skill level 12 in Dodging
  9075 | D:10     | Noticed a catoblepas
  9088 | D:10     | Killed a catoblepas
  9089 | D:10     | Reached skill level 2 in Fighting
  9362 | D:10     | Found an ornate altar of the Wu Jian Council.
  9829 | D:11     | Found a gate leading to a gauntlet.
  9851 | Gauntlet | Entered a Gauntlet
  9851 | Gauntlet | Noticed a fire crab
  9851 | Gauntlet | Found a transporter.
  9864 | Gauntlet | Found a transporter.
  9872 | Gauntlet | Noticed a death scarab
  9875 | Gauntlet | Found a transporter.
  9878 | Gauntlet | Found a transporter.
  9880 | Gauntlet | Noticed a death yak
  9880 | Gauntlet | Noticed a death yak
  9880 | Gauntlet | Noticed a death yak
  9881 | Gauntlet | Noticed a death yak
  9882 | Gauntlet | Noticed a death yak
  9882 | Gauntlet | Noticed a death yak
  9902 | Gauntlet | Found a transporter.
  9907 | Gauntlet | Noticed a great orb of eyes
  9909 | Gauntlet | Found a transporter.
  9911 | Gauntlet | Identified the staff of fire "Mexte" {rF+ Str-4 Dex+4
                  | Stlth+}
  9920 | Gauntlet | Identified the +6 arbalest of Fyudaintynn {freeze, rF++}
  9920 | Gauntlet | Noticed a sixfirhy
  9921 | Gauntlet | Found a transporter.
  9922 | Gauntlet | Noticed a sixfirhy
  9925 | Gauntlet | Found a transporter.
  9925 | Gauntlet | Found a transporter.
  9933 | Gauntlet | Noticed a catoblepas
  9935 | Gauntlet | Found a transporter.
  9954 | Gauntlet | Found a transporter.
  9968 | Gauntlet | Found a transporter.
  9968 | Gauntlet | Found a transporter.
  9979 | Gauntlet | Identified the +8 long sword of the Volcano {freeze, rF-
                  | rC++ Will+ Dex+3}
 10019 | Gauntlet | Identified the +2 trident of the Feather {flame, rPois}
 10049 | Gauntlet | Found a transporter.
 10128 | Gauntlet | Killed a fire crab
 10129 | Gauntlet | Reached skill level 3 in Fighting
 10169 | Gauntlet | HP: 21/118 [death scarab (20)]
 10170 | Gauntlet | Killed a death scarab
 10190 | Gauntlet | Identified the cursed scarf of the Enigmatic Sphere
                  | {repulsion, Self, Cun} (You found it on level 10 of the
                  | Dungeon)
 10190 | Gauntlet | Identified the cursed +2 pair of gloves of Ashenzari's
                  | Visionary {Fort, Melee} (You found it on level 1 of the
                  | Dungeon)
 10266 | Gauntlet | Killed a great orb of eyes
 10301 | Gauntlet | Identified the Papyrus of Geometry
 10301 | Gauntlet | Identified the +1 robe of the Dice {MP-9 Stlth+ Archmagi}
 10301 | Gauntlet | Identified the Anthology of Mortification
 10301 | Gauntlet | Noticed a minotaur
 10313 | Gauntlet | HP: 8/83 [minotaur/+1 broad axe of electrocution (23)]
 10314 | Gauntlet | Mangled by a minotaur

Vanquished Creatures
  A great orb of eyes (Gauntlet)
  A vault guard (Bailey)
  A fire crab (Gauntlet)
  An ugly thing (Gauntlet)
  A spectral boulder beetle (Gauntlet)
  3 trolls
  Prince Ribbit (Bailey)
  A shadow (D:10)
  2 fire bats (Gauntlet)
  A wyvern (D:9)
  Eustachio (D:6)
  A human (Bailey)
  10 yaks
  2 water moccasins
  6 sky beasts
  An acid dragon (D:9)
  2 ice beasts
  An orc warrior (D:9)
  3 black bears
  2 wolves (D:9)
  5 centaurs
  A kobold brigand (D:7)
  18 bullfrogs
  2 gnoll sergeants
  A scorpion (D:4)
  A wight (D:7)
  5 killer bees (D:10)
  4 electric eels
  4 howler monkeys
  2 hounds
  2 gnoll boudas (D:7)
  8 orc priests
  A sleepcap (D:7)
  2 iguanas
  10 orc wizards
  14 gnolls
  8 adders
  5 river rats (Sewer)
  2 shadow imps
  4 white imps
  2 ufetubi
  3 worms (Sewer)
  A dart slug (D:3)
  23 orcs
  5 endoplasms
  4 giant cockroaches
  11 goblins
  6 hobgoblins
  7 jackals
  7 quokkas
  8 ball pythons
  11 bats
  11 frilled lizards
  5 kobolds
  8 rats
253 creatures vanquished.

Vanquished Creatures (collateral kills)
  A vault guard (Bailey)
  A death scarab (Gauntlet)
  2 two-headed ogres
  A catoblepas (D:10)
  A cyclops (D:9)
  Maggie (D:7)
  A wraith (D:9)
  2 steam dragons (D:7)
  3 humans (Bailey)
  2 yaks (D:10)
  3 orc warriors
  An ice beast (D:8)
  2 ogres
  3 wolves (D:9)
  A centaur (D:10)
  A kobold brigand (D:7)
  A bullfrog (D:8)
  2 howler monkeys
  5 orc priests
  2 hounds
  A jelly (D:7)
  A sleepcap (D:7)
  A gnoll bouda (D:8)
  Ijyb (D:4)
  An orc wizard (D:9)
  A gnoll (D:11)
  A shadow imp (D:7)
  An ufetubus (D:7)
  7 orcs
51 creatures vanquished.

Vanquished Creatures (others)
  A dancing weapon (Bailey)
  A demonic plant (Gauntlet)
  11 fulminant prisms
  8 plants (D:7)
21 creatures vanquished.

Grand Total: 325 creatures vanquished

Table legend:
 A = Non-vault XP
 B = Vault XP
 C = Vault XP percentage of total XP
 D = Non-vault monster count
 E = Vault monster count
 F = Vault count percentage of total count
                 A         B        C        D         E       F
            +---------+---------+-------+---------+---------+-------
      Total |   10185 |   13921 |  57.7 |     186 |     118 |  38.8
            +---------+---------+-------+---------+---------+-------
        D:1 |      38 |       0 |   0.0 |      22 |       0 |   0.0
        D:2 |      51 |       0 |   0.0 |      18 |       0 |   0.0
        D:3 |     110 |      13 |  10.6 |      19 |       1 |   5.0
        D:4 |     395 |      36 |   8.4 |      12 |       1 |   7.7
        D:5 |     273 |       0 |   0.0 |      15 |       0 |   0.0
        D:6 |    1943 |     726 |  27.2 |      22 |       8 |  26.7
        D:7 |    1393 |    2691 |  65.9 |      24 |      36 |  60.0
        D:8 |     683 |     907 |  57.0 |      13 |       5 |  27.8
        D:9 |    1197 |    1498 |  55.6 |      16 |       9 |  36.0
       D:10 |    3618 |       0 |   0.0 |      16 |       0 |   0.0
       D:11 |     484 |       0 |   0.0 |       9 |       0 |   0.0
      Sewer |       0 |     152 | 100.0 |       0 |      31 | 100.0
     Bailey |       0 |    3777 | 100.0 |       0 |      20 | 100.0
   Gauntlet |       0 |    4121 | 100.0 |       0 |       7 | 100.0
            +---------+---------+-------+---------+---------+-------

Skill      XL: |  1  2  3  4  5  6  7  8  9 10 11 12 |
---------------+-------------------------------------+-----
Dodging        | 3 4 5 7 8 10 11 12 | 12.5
Spellcasting   | 4 5 6 7 8 10 12 | 12.8
Fighting       | 3 |  3.9
Stealth        | |  1.5

Action                     |  1- 3 |  4- 6 |  7- 9 | 10-12 || total
---------------------------+-------+-------+-------+-------++-------
  Melee: Unarmed           |     2 |       |     7 |    12 ||    21
         Long sword        |       |       |       |    12 ||    12
   Cast: Magic Dart        |    77 |   120 |    87 |    53 ||   337
         Searing Ray       |       |    14 |    31 |   117 ||   162
         Blink             |       |     1 |     1 |     1 ||     3
         Tukima's Dance    |       |       |    13 |    27 ||    40
         Fulminant Prism   |       |       |     4 |     7 ||    11
         Hailstorm         |       |       |    11 |    27 ||    38
         Dazzling Flash    |       |       |       |    13 ||    13
         Summon Lightning  |       |       |       |    44 ||    44
         Iskenderun's Myst |       |       |       |     1 ||     1
 Invoke: Curse Item        |       |       |     3 |     3 ||     6
         Shatter the Chain |       |       |       |     1 ||     1
  Evoke: Wand              |       |       |    11 |       ||    11
    Use: Scroll            |     2 |     4 |     2 |       ||     8
         Potion            |       |       |       |     5 ||     5
 Armour: Robe              |    13 |    16 |    11 |     4 ||    44
         Ring mail         |       |       |       |    46 ||    46
         Acid dragon scale |       |       |       |    28 ||    28
         Skin              |       |       |       |    27 ||    27
  Dodge: Dodged            |    21 |    56 |    61 |   217 ||   355

Illustrated notes

Table legend:
 A = Kills in this place as a percentage of kills in the entire game.
 B = Kills by you in this place as a percentage of kills by you in the entire game.
 C = Kills by friends in this place as a percentage of kills by friends in the entire game.
 D = Other kills in this place as a percentage of other kills in the entire game.
 E = Experience gained in this place as a percentage of experience gained in the entire game.
 F = Experience gained in this place divided by the number of levels of this place that you have seen.
                   A       B       C       D       E      F
               +-------+-------+-------+-------+-------+----------------------
         Total | 100.0 | 100.0 | 100.0 |   N/A | 100.0 | 1607.1
       Dungeon |  80.9 |  80.2 |  84.3 |   N/A |  66.6 | 1459.6
         Sewer |  10.2 |  12.3 |   0.0 |   N/A |   0.6 | 152.0
        Bailey |   6.6 |   5.1 |  13.7 |   N/A |  15.7 | 3777.0
      Gauntlet |   2.3 |   2.4 |   2.0 |   N/A |  17.1 | 4121.0
               +-------+-------+-------+-------+-------+----------------------

Table legend: (Time is in decaauts)
 A = Elapsed time spent in this place.
 B = Non-inter-level travel time spent in this place.
 C = Inter-level travel time spent in this place.
 D = Time resting spent in this place.
 E = Time spent auto-exploring this place.
 F = Levels seen in this place.
 G = Mean time per level.
                   A        B        C        D        E       F      G
               +--------+--------+--------+--------+--------+-----+--------+
         Total |  10342 |  10047 |    295 |    172 |   7677 |  15 |  689.5 |
       Dungeon |   8706 |   8430 |    276 |    106 |   6723 |  11 |  791.5 |
        Temple |    137 |    118 |     19 |      0 |    105 |   1 |  137.0 |
         Sewer |    492 |    492 |      0 |      0 |    344 |   1 |  492.0 |
        Bailey |    510 |    510 |      0 |      0 |    302 |   1 |  510.0 |
      Gauntlet |    495 |    495 |      0 |     66 |    203 |   1 |  495.0 |
               +--------+--------+--------+--------+--------+-----+--------+

Top non-repeatable levels by time:
     D:4: 1260 daAuts
     D:7: 1149 daAuts
    D:10: 1133 daAuts
     D:6: 1029 daAuts
     D:9: 835 daAuts
     D:3: 744 daAuts
     D:8: 710 daAuts
     D:2: 665 daAuts
     D:5: 569 daAuts
     D:1: 543 daAuts
  Bailey: 510 daAuts
Gauntlet: 495 daAuts
   Sewer: 492 daAuts
  Temple: 137 daAuts
    D:11: 64 daAuts
